Niagara IceDogs vs Laval Squanderers
Created - Monday, April 24, 2023 at 11:28
Goals
|
| Niagara IceDogs |
0 |
0 |
3 |
1 |
4 |
| Laval Squanderers |
0 |
1 |
2 |
0 |
3 |
|
Shots
|
| Niagara IceDogs |
6 |
9 |
26 |
1 |
42 |
| Laval Squanderers |
11 |
10 |
12 |
0 |
33 |
|
1st period
No Goal
Penalties :
Jonatan Berggren (NID) for Tripping (Minor) at 14:36
2nd period
1. Laval Squanderers , Lukas Reichel 7 (Brayden Tracey 6, Kyle Burroughs 11) at 10:04
Penalties :
Martin Kaut (LSQ) for Hooking (Minor) at 8:10, Arttu Ruotsalainen (NID) for Slashing (Minor) at 8:14
3rd period
2. Niagara IceDogs , Vasili Ponomarev 9 (Joachim Blichfeld 12) at 0:30
3. Laval Squanderers , Simon Holmstrom 9 (Reese Johnson 11, Lias Andersson 15) at 2:54 (PP)
4. Laval Squanderers , Mark Kastelic 16 (Oliver Wahlstrom 27, Mackenzie MacEachern 13) at 8:24
5. Niagara IceDogs , Aliaksei Protas 14 (Jonatan Berggren 26, Arttu Ruotsalainen 27) at 18:38 (PP)
6. Niagara IceDogs , Arttu Ruotsalainen 17 (Aliaksei Protas 18, Conor Timmins 10) at 19:10
Penalties :
Anthony Angello (NID) for Holding (Minor) at 2:21, Arttu Ruotsalainen (NID) for Holding Stick (Minor) at 13:49, Kyle Burroughs (LSQ) for Tripping (Minor) at 18:28, Kyle Burroughs (LSQ) for Cross-checking (Minor) at 19:42
Overtime #1
7. Niagara IceDogs , Arttu Ruotsalainen 18 (Aliaksei Protas 19) at 0:08 (PP)
Penalties :
No Penalty
Goalie Stats
Joseph Woll (NID), 30 saves from 33 shots - (0.909), W, 9-8-0, 59:40 minutes
Dylan Garand (LSQ), 38 saves from 42 shots - (0.905), OTL, 5-2-2, 60:08 minutes
Players Stats for Niagara IceDogs
Player Name G A P +/- PIM S H SB GA TA FO MP PP MP PK MP
------------------------------------------------------------------------------------
Alex Whelan 0 0 0 0 0 0 1 0 0 0 0/0 12:12 0:00 0:00
Aliaksei Protas 1 2 3 0 0 4 1 0 0 2 1/2 20:50 0:31 2:33
Anthony Angello 0 0 0 0 2 2 3 0 1 0 2/2 14:52 0:00 0:00
Arttu Ruotsalainen 2 1 3 1 4 7 3 3 0 2 14/27 18:51 0:30 1:25
Chase Pearson 0 0 0 0 0 1 0 0 2 0 0/1 13:05 0:00 0:14
Conor Timmins 0 1 1 -1 0 3 1 4 0 2 0/0 26:20 0:31 2:49
Filip Kral 0 0 0 0 0 0 0 1 0 0 0/0 15:05 0:00 0:00
Ian Mitchell 0 0 0 -1 0 2 0 5 1 0 0/0 26:20 0:31 2:49
James Hamblin 0 0 0 -1 0 1 1 0 2 0 2/2 11:50 0:00 1:50
Jayden Halbgewachs 0 0 0 0 0 0 0 0 1 1 4/9 15:13 0:00 1:06
Joachim Blichfeld 0 1 1 0 0 3 1 0 0 0 2/2 16:07 0:00 0:55
Johannes Kinnvall 0 0 0 0 0 2 1 2 0 0 0/0 15:05 0:00 0:00
John Ludvig 0 0 0 1 0 1 2 0 0 1 0/0 18:43 0:00 1:46
Jonatan Berggren 0 1 1 1 2 5 2 0 1 0 0/0 16:19 0:31 0:00
Joseph Duszak 0 0 0 1 0 1 2 0 0 0 0/0 18:43 0:00 1:46
Nicholas Robertson 0 0 0 0 0 2 1 2 0 0 0/0 10:30 0:00 1:07
Tim Soderlund 0 0 0 0 0 1 0 0 0 0 0/0 9:00 0:00 0:00
Vasili Ponomarev 1 0 1 0 0 7 2 0 0 2 8/13 14:53 0:00 0:00
Players Stats for Laval Squanderers
Player Name G A P +/- PIM S H SB GA TA FO MP PP MP PK MP
------------------------------------------------------------------------------------
Alex Green 0 0 0 0 0 0 1 1 0 1 0/0 12:43 0:00 0:00
Braden Schneider 0 0 0 0 0 0 2 0 1 1 0/0 27:24 2:27 0:29
Brayden Tracey 0 1 1 1 0 1 1 0 0 0 1/1 10:56 0:21 0:00
Danila Klimovich 0 0 0 0 0 0 2 0 0 0 2/2 9:44 0:00 0:00
Graeme Clarke 0 0 0 -1 0 0 1 0 0 0 1/5 12:49 0:00 0:31
Justin Barron 0 0 0 0 0 0 4 1 0 0 0/0 20:01 2:08 0:10
Kaedan Korczak 0 0 0 0 0 0 1 1 0 1 0/0 13:08 0:00 0:25
Kyle Burroughs 0 1 1 0 4 0 2 5 0 0 0/0 26:57 2:27 0:04
Lias Andersson 0 1 1 -1 0 5 0 0 2 1 5/15 16:22 1:48 0:00
Lukas Reichel 1 0 1 1 0 5 1 0 0 0 0/1 12:56 0:00 0:00
Mackenzie MacEachern 0 1 1 1 0 3 2 1 0 0 1/1 17:59 2:22 0:00
Mark Kastelic 1 0 1 1 0 5 2 0 1 1 12/27 19:33 2:26 0:00
Martin Kaut 0 0 0 -1 2 4 0 0 3 0 0/1 13:36 0:25 0:00
Mike Hardman 0 0 0 -1 0 1 2 0 1 2 0/1 11:09 0:21 0:39
Nils Lundkvist 0 0 0 0 0 0 0 1 0 0 0/0 20:01 2:08 0:10
Oliver Wahlstrom 0 1 1 1 0 4 0 0 0 1 1/2 19:33 2:26 0:00
Reese Johnson 0 1 1 -1 0 1 1 1 1 0 0/0 16:42 1:48 0:00
Simon Holmstrom 1 0 1 -1 0 4 1 0 1 0 2/2 16:22 1:48 0:00
3 Stars
1 - Arttu Ruotsalainen (NID)
2 - Aliaksei Protas (NID)
3 - Mark Kastelic (LSQ)
Power Play
Niagara IceDogs - 2 on 3 Attempt(s) - 66.67%
Laval Squanderers - 1 on 4 Attempt(s) - 25.00%
Penalty Kill
Niagara IceDogs - 3 on 4 Attempt(s) - 75.00%
- Score 0 goal in Penalty Kill
Laval Squanderers - 1 on 3 Attempt(s) - 33.33%
- Score 0 goal in Penalty Kill
Team Stat
Niagara IceDogs - Hits : 21 - Faceoff Wins : 33 - Blocked Shots : 17 - Penalty Minutes : 8
Laval Squanderers - Hits : 23 - Faceoff Wins : 25 - Blocked Shots : 11 - Penalty Minutes : 6
Official
Referees : TJ Luxmore and Justin StPierre
Linesman : Tim Nowak and Brad Kovachik
Game Notes
19:59 of 3rd period - Niagara IceDogs goal is going for a video replay. After video review, No Goal. The puck has been directed, batted or thrown into the net by an attacking player other than with a stick.
Niagara IceDogs
5 vs 5 Forward
Center Left Wing Right Wing Time % Phy DF OF
1 Arttu Ruotsalainen Aliaksei Protas Jonatan Berggren 40 1 2 2
2 Vasili Ponomarev Joachim Blichfeld Anthony Angello 30 1 2 2
3 Jayden Halbgewachs Chase Pearson Alex Whelan 20 1 2 2
4 James Hamblin Nicholas Robertson Tim Soderlund 10 1 2 2
5 vs 5 Defense
Defense Defense Time % Phy DF OF
1 Ian Mitchell Conor Timmins 40 1 2 2
2 John Ludvig Joseph Duszak 30 1 2 2
3 Filip Kral Johannes Kinnvall 20 1 2 2
4 Ian Mitchell Conor Timmins 10 1 2 2
PowerPlay Forward
Center Left Wing Right Wing Time % Phy DF OF
1 Arttu Ruotsalainen Aliaksei Protas Jonatan Berggren 60 1 2 2
2 Vasili Ponomarev Joachim Blichfeld Anthony Angello 40 1 2 2
PowerPlay Defense
Defense Defense Time % Phy DF OF
1 Ian Mitchell Conor Timmins 60 1 2 2
2 John Ludvig Joseph Duszak 40 1 2 2
Penalty Kill 4 Players Forward
Center Wing Time % Phy DF OF
1 Arttu Ruotsalainen Aliaksei Protas 60 1 2 2
2 Jonatan Berggren Joachim Blichfeld 40 1 2 2
Penalty Kill 4 Players Defense
Defense Defense Time % Phy DF OF
1 Ian Mitchell Conor Timmins 60 1 2 2
2 John Ludvig Joseph Duszak 40 1 2 2
Penalty Kill - 3 Players Forward
Forward Time % Phy DF OF
1 Arttu Ruotsalainen 60 1 2 2
2 Aliaksei Protas 40 1 2 2
Penalty Kill - 3 Players Defense
Defense Defense Time % Phy DF OF
1 Ian Mitchell Conor Timmins 60 1 2 2
2 John Ludvig Joseph Duszak 40 1 2 2
4 vs 4 Forward
Center Wing Time % Phy DF OF
1 Arttu Ruotsalainen Aliaksei Protas 60 1 2 2
2 Jonatan Berggren Joachim Blichfeld 40 1 2 2
4 vs 4 Defense
Defense Defense Time % Phy DF OF
1 Ian Mitchell Conor Timmins 60 1 2 2
2 John Ludvig Joseph Duszak 40 1 2 2
Last Minutes Offensive
Center Left Wing Right Wing Defense Defense
Arttu Ruotsalainen Aliaksei Protas Jonatan Berggren Ian Mitchell Conor Timmins
Last Minutes Defensive
Center Left Wing Right Wing Defense Defense
Arttu Ruotsalainen Aliaksei Protas Jonatan Berggren Ian Mitchell Conor Timmins
Goaltenders
Starting : Joseph Woll
Backup : Dylan Ferguson
Extra Forwards
Normal : Jayden Halbgewachs, Chase Pearson, James Hamblin - PP : Jayden Halbgewachs, Chase Pearson - PK : James Hamblin
Extra Defensemen
Normal : Filip Kral, Johannes Kinnvall, John Ludvig - PP : Filip Kral - PK : Johannes Kinnvall, John Ludvig
Penalty Shots
Arttu Ruotsalainen, Aliaksei Protas, Jonatan Berggren, Joachim Blichfeld, Vasili Ponomarev
Laval Squanderers
5 vs 5 Forward
Center Left Wing Right Wing Time % Phy DF OF
1 Mark Kastelic Mackenzie MacEachern Oliver Wahlstrom 40 1 2 2
2 Lias Andersson Simon Holmstrom Reese Johnson 30 1 2 2
3 Graeme Clarke Lukas Reichel Martin Kaut 20 1 2 2
4 Danila Klimovich Brayden Tracey Mike Hardman 10 1 2 2
5 vs 5 Defense
Defense Defense Time % Phy DF OF
1 Kyle Burroughs Braden Schneider 40 1 2 2
2 Nils Lundkvist Justin Barron 30 1 2 2
3 Alex Green Kaedan Korczak 20 1 2 2
4 Kyle Burroughs Braden Schneider 10 1 2 2
PowerPlay Forward
Center Left Wing Right Wing Time % Phy DF OF
1 Mark Kastelic Mackenzie MacEachern Oliver Wahlstrom 60 1 2 2
2 Lias Andersson Simon Holmstrom Reese Johnson 40 1 2 2
PowerPlay Defense
Defense Defense Time % Phy DF OF
1 Kyle Burroughs Braden Schneider 60 1 2 2
2 Nils Lundkvist Justin Barron 40 1 2 2
Penalty Kill 4 Players Forward
Center Wing Time % Phy DF OF
1 Graeme Clarke Mike Hardman 60 1 2 2
2 Danila Klimovich Martin Kaut 40 1 2 2
Penalty Kill 4 Players Defense
Defense Defense Time % Phy DF OF
1 Kyle Burroughs Braden Schneider 60 1 2 2
2 Nils Lundkvist Justin Barron 40 1 2 2
Penalty Kill - 3 Players Forward
Forward Time % Phy DF OF
1 Mike Hardman 60 1 2 2
2 Martin Kaut 40 1 2 2
Penalty Kill - 3 Players Defense
Defense Defense Time % Phy DF OF
1 Kyle Burroughs Braden Schneider 60 1 2 2
2 Nils Lundkvist Justin Barron 40 1 2 2
4 vs 4 Forward
Center Wing Time % Phy DF OF
1 Oliver Wahlstrom Mark Kastelic 60 1 2 2
2 Mackenzie MacEachern Reese Johnson 40 1 2 2
4 vs 4 Defense
Defense Defense Time % Phy DF OF
1 Kyle Burroughs Braden Schneider 60 1 2 2
2 Nils Lundkvist Justin Barron 40 1 2 2
Last Minutes Offensive
Center Left Wing Right Wing Defense Defense
Mark Kastelic Mackenzie MacEachern Oliver Wahlstrom Kyle Burroughs Braden Schneider
Last Minutes Defensive
Center Left Wing Right Wing Defense Defense
Graeme Clarke Mike Hardman Martin Kaut Kyle Burroughs Braden Schneider
Goaltenders
Starting : Dylan Garand
Backup : Mads Sogaard
Extra Forwards
Normal : Brayden Tracey, Martin Kaut, Lukas Reichel - PP : Brayden Tracey, Martin Kaut - PK : Lukas Reichel
Extra Defensemen
Normal : Alex Green, Kaedan Korczak, Nils Lundkvist - PP : Alex Green - PK : Kaedan Korczak, Nils Lundkvist
Penalty Shots
Oliver Wahlstrom, Mark Kastelic, Mackenzie MacEachern, Reese Johnson, Martin Kaut
% Time on Ice - Niagara IceDogs
Lines # - Real PCT - Wanted PCT - Time Play
Normal Forward
1 - 31% - 40% - 16:22
2 - 29% - 30% - 15:19
3 - 23% - 20% - 12:12
4 - 17% - 10% - 9:00
Normal Defense
1 - 37% - 40% - 19:24
2 - 31% - 30% - 16:14
3 - 29% - 20% - 15:05
4 - 4% - 10% - 2:10
PP Forward
1 - 100% - 60% - 0:31
2 - 0% - 40% - 0:00
PP Defense
1 - 100% - 60% - 0:31
2 - 0% - 40% - 0:00
PK Forward
1 - 85% - 60% - 3:54
2 - 15% - 40% - 0:41
PK Defense
1 - 61% - 60% - 2:49
2 - 39% - 40% - 1:46
PK3 Forward
1 - 0% - 60%
2 - 0% - 40%
PK3 Defense
1 - 0% - 60%
2 - 0% - 40%
44 Forward
1 - 100% - 60% - 2:03
2 - 0% - 40% - 0:00
44 Defense
1 - 65% - 60% - 1:20
2 - 35% - 40% - 0:43
Last Minute Offensive - 0:06
Last Minute Defensive - 0:00
Total
Forward - 60:08
Defense - 60:08
|
% Time on Ice - Laval Squanderers
Lines # - Real PCT - Wanted PCT - Time Play
Normal Forward
1 - 31% - 40% - 16:23
2 - 28% - 30% - 14:34
3 - 23% - 20% - 12:11
4 - 18% - 10% - 9:44
Normal Defense
1 - 39% - 40% - 20:36
2 - 32% - 30% - 16:55
3 - 24% - 20% - 12:43
4 - 5% - 10% - 2:38
PP Forward
1 - 61% - 60% - 2:47
2 - 39% - 40% - 1:48
PP Defense
1 - 53% - 60% - 2:27
2 - 47% - 40% - 2:08
PK Forward
1 - 100% - 60% - 0:31
2 - 0% - 40% - 0:00
PK Defense
1 - 68% - 60% - 0:21
2 - 32% - 40% - 0:10
PK3 Forward
1 - 100% - 60% - 0:08
2 - 0% - 40% - 0:00
PK3 Defense
1 - 100% - 60% - 0:08
2 - 0% - 40% - 0:00
44 Forward
1 - 83% - 60% - 1:35
2 - 17% - 40% - 0:20
44 Defense
1 - 58% - 60% - 1:07
2 - 42% - 40% - 0:48
Last Minute Offensive - 0:00
Last Minute Defensive - 0:07
Total
Forward - 60:08
Defense - 60:08
|
Play-by-Play
1st period
0:01 of 1st period - Arttu Ruotsalainen wins face-off versus Mark Kastelic in neutral zone.
0:10 of 1st period - Snap shot by Aliaksei Protas.
0:10 of 1st period - Shot Misses the Net.
0:35 of 1st period - Wrist shot by Lias Andersson.
0:35 of 1st period - Shot Blocked by Ian Mitchell.
0:53 of 1st period - Snap shot by Martin Kaut.
0:53 of 1st period - Stopped by Joseph Woll with a rebound.
0:57 of 1st period - Wrist shot by Lukas Reichel.
0:57 of 1st period - Shot Misses the Net.
1:13 of 1st period - Snap shot by Mike Hardman.
1:13 of 1st period - Shot Blocked by Nicholas Robertson.
1:17 of 1st period - Snap shot by Brayden Tracey.
1:17 of 1st period - Shot Misses the Net.
2:22 of 1st period - Conor Timmins is hit by Mark Kastelic and loses puck.
3:29 of 1st period - Snap shot by Martin Kaut.
3:29 of 1st period - Stopped by Joseph Woll without a rebound.
3:30 of 1st period - Mark Kastelic wins face-off versus Arttu Ruotsalainen in Niagara IceDogs zone.
3:33 of 1st period - Wrist shot by Oliver Wahlstrom.
3:33 of 1st period - Shot Blocked by Arttu Ruotsalainen.
4:58 of 1st period - Off-side.
4:59 of 1st period - Arttu Ruotsalainen wins face-off versus Mark Kastelic in neutral zone.
5:25 of 1st period - Snap shot by Aliaksei Protas.
5:25 of 1st period - Shot Blocked by Nils Lundkvist.
5:27 of 1st period - Wrist shot by Arttu Ruotsalainen.
5:27 of 1st period - Shot Blocked by Justin Barron.
5:29 of 1st period - Snap shot by Aliaksei Protas.
5:29 of 1st period - Deflect By Arttu Ruotsalainen.
5:29 of 1st period - Shot Misses the Net.
5:29 of 1st period - Puck is out of play.
5:30 of 1st period - Anthony Angello wins face-off versus Lias Andersson in Laval Squanderers zone.
6:43 of 1st period - Snap shot by Oliver Wahlstrom.
6:43 of 1st period - Shot Misses the Net.
7:12 of 1st period - Icing by Alex Green.
7:13 of 1st period - Lias Andersson wins face-off versus Jayden Halbgewachs in Laval Squanderers zone.
7:28 of 1st period - Joseph Duszak is hit by Mark Kastelic and loses puck.
7:39 of 1st period - Kyle Burroughs is hit by Jonatan Berggren.
7:57 of 1st period - Off-side.
7:58 of 1st period - Vasili Ponomarev wins face-off versus Lias Andersson in neutral zone.
8:05 of 1st period - Wrist shot by Anthony Angello.
8:05 of 1st period - Stopped by Dylan Garand with a rebound.
8:07 of 1st period - Snap shot by Joachim Blichfeld.
8:07 of 1st period - Shot Misses the Net.
8:30 of 1st period - Snap shot by Reese Johnson.
8:30 of 1st period - Shot Misses the Net.
8:40 of 1st period - Snap shot by Lias Andersson.
8:40 of 1st period - Stopped by Joseph Woll with a rebound.
9:14 of 1st period - Wrist shot by Lias Andersson.
9:14 of 1st period - Shot Misses the Net.
9:16 of 1st period - Slapshot by Nils Lundkvist.
9:16 of 1st period - Deflect By Lias Andersson.
9:16 of 1st period - Stopped by Joseph Woll with a rebound.
9:22 of 1st period - Wrist shot by Lias Andersson.
9:22 of 1st period - Shot Blocked by Ian Mitchell.
9:32 of 1st period - Snap shot by Lias Andersson.
9:32 of 1st period - Stopped by Joseph Woll with a rebound.
9:34 of 1st period - Slapshot by Kyle Burroughs.
9:34 of 1st period - Deflect By Simon Holmstrom.
9:34 of 1st period - Shot Misses the Net.
9:34 of 1st period - Puck is out of play.
9:35 of 1st period - Mark Kastelic wins face-off versus Arttu Ruotsalainen in Niagara IceDogs zone.
10:00 of 1st period - Kyle Burroughs is hit by Vasili Ponomarev and loses puck.
10:25 of 1st period - Wrist shot by Nicholas Robertson.
10:25 of 1st period - Deflect By Tim Soderlund.
10:25 of 1st period - Stopped by Dylan Garand with a rebound.
10:27 of 1st period - Slapshot by John Ludvig.
10:27 of 1st period - Stopped by Dylan Garand with a rebound.
10:41 of 1st period - Snap shot by Oliver Wahlstrom.
10:41 of 1st period - Shot Misses the Net.
10:47 of 1st period - Mark Kastelic is hit by Arttu Ruotsalainen and loses puck.
10:55 of 1st period - Icing by Oliver Wahlstrom.
10:56 of 1st period - Mark Kastelic wins face-off versus Vasili Ponomarev in Laval Squanderers zone.
11:51 of 1st period - Snap shot by Mark Kastelic.
11:51 of 1st period - Shot Blocked by Johannes Kinnvall.
12:22 of 1st period - Wrist shot by Vasili Ponomarev.
12:22 of 1st period - Stopped by Dylan Garand without a rebound.
12:23 of 1st period - Vasili Ponomarev wins face-off versus Mark Kastelic in Laval Squanderers zone.
12:36 of 1st period - Wrist shot by Oliver Wahlstrom.
12:36 of 1st period - Deflect By Mackenzie MacEachern.
12:36 of 1st period - Shot Misses the Net.
12:36 of 1st period - Puck is out of play.
12:37 of 1st period - Arttu Ruotsalainen wins face-off versus Mark Kastelic in Niagara IceDogs zone.
13:24 of 1st period - Icing by Nils Lundkvist.
13:25 of 1st period - James Hamblin wins face-off versus Graeme Clarke in Laval Squanderers zone.
13:36 of 1st period - James Hamblin is hit by Justin Barron and loses puck.
13:41 of 1st period - Wrist shot by Martin Kaut.
13:41 of 1st period - Shot Misses the Net.
14:11 of 1st period - Snap shot by Lukas Reichel.
14:11 of 1st period - Stopped by Joseph Woll with a rebound.
14:17 of 1st period - Wrist shot by Martin Kaut.
14:17 of 1st period - Shot Misses the Net.
14:19 of 1st period - Wrist shot by Martin Kaut.
14:19 of 1st period - Stopped by Joseph Woll without a rebound.
14:20 of 1st period - Mark Kastelic wins face-off versus Arttu Ruotsalainen in Niagara IceDogs zone.
14:31 of 1st period - Snap shot by Oliver Wahlstrom.
14:31 of 1st period - Stopped by Joseph Woll with a rebound.
14:33 of 1st period - Snap shot by Mackenzie MacEachern.
14:33 of 1st period - Deflect By Oliver Wahlstrom.
14:33 of 1st period - Shot Blocked by Arttu Ruotsalainen.
14:33 of 1st period - Puck is out of play.
14:34 of 1st period - Arttu Ruotsalainen wins face-off versus Mark Kastelic in Niagara IceDogs zone.
14:36 of 1st period - Minor Penalty to Jonatan Berggren for Tripping.
14:37 of 1st period - Mark Kastelic wins face-off versus Arttu Ruotsalainen in Niagara IceDogs zone.
14:41 of 1st period - Snap shot by Oliver Wahlstrom.
14:41 of 1st period - Stopped by Joseph Woll with a rebound.
14:43 of 1st period - Wrist shot by Mark Kastelic.
14:43 of 1st period - Stopped by Joseph Woll with a rebound.
14:45 of 1st period - Snap shot by Mark Kastelic.
14:45 of 1st period - Stopped by Joseph Woll with a rebound.
14:47 of 1st period - Backhand shot by Mackenzie MacEachern.
14:47 of 1st period - Shot Misses the Net.
14:51 of 1st period - Snap shot by Oliver Wahlstrom.
14:51 of 1st period - Shot Blocked by Ian Mitchell.
16:21 of 1st period - Snap shot by Joachim Blichfeld.
16:21 of 1st period - Shot Misses the Net.
16:23 of 1st period - Wrist shot by Joachim Blichfeld.
16:23 of 1st period - Shot Blocked by Mackenzie MacEachern.
16:25 of 1st period - Snap shot by Jayden Halbgewachs.
16:25 of 1st period - Shot Misses the Net.
16:36 of 1st period - Penalty to Jonatan Berggren is over, Jonatan Berggren is back on ice.
16:55 of 1st period - Slapshot by Jonatan Berggren.
16:55 of 1st period - Stopped by Dylan Garand with a rebound.
17:09 of 1st period - Wrist shot by Nicholas Robertson.
17:09 of 1st period - Stopped by Dylan Garand with a rebound.
17:55 of 1st period - Alex Green is hit by James Hamblin and loses puck.
18:08 of 1st period - Ian Mitchell is hit by Braden Schneider.
18:31 of 1st period - Chase Pearson is hit by Mike Hardman.
18:39 of 1st period - Danila Klimovich is hit by Johannes Kinnvall and loses puck.
19:37 of 1st period - Brayden Tracey is hit by Anthony Angello and loses puck.
Goals for this period are 0 for Niagara IceDogs vs 0 for Laval Squanderers.
Shots for this period are 6 for Niagara IceDogs vs 11 for Laval Squanderers.
2nd period
0:01 of 2nd period - Mark Kastelic wins face-off versus Arttu Ruotsalainen in neutral zone.
0:35 of 2nd period - Reese Johnson is hit by Joseph Duszak and loses puck.
1:15 of 2nd period - Wrist shot by Brayden Tracey.
1:15 of 2nd period - Stopped by Joseph Woll without a rebound.
1:16 of 2nd period - Vasili Ponomarev wins face-off versus Mark Kastelic in Niagara IceDogs zone.
1:27 of 2nd period - Snap shot by Joachim Blichfeld.
1:27 of 2nd period - Shot Blocked by Kaedan Korczak.
1:29 of 2nd period - Snap shot by Conor Timmins.
1:29 of 2nd period - Deflect By Vasili Ponomarev.
1:29 of 2nd period - Shot Misses the Net.
1:29 of 2nd period - Puck is out of play.
1:30 of 2nd period - Mark Kastelic wins face-off versus Arttu Ruotsalainen in Laval Squanderers zone.
1:37 of 2nd period - Wrist shot by Arttu Ruotsalainen.
1:37 of 2nd period - Deflect By Jonatan Berggren.
1:37 of 2nd period - Stopped by Dylan Garand with a rebound.
2:00 of 2nd period - Reese Johnson is hit by Anthony Angello and loses puck.
2:11 of 2nd period - Wrist shot by Joachim Blichfeld.
2:11 of 2nd period - Stopped by Dylan Garand with a rebound.
2:30 of 2nd period - Lukas Reichel is hit by Alex Whelan and loses puck.
2:41 of 2nd period - Wrist shot by James Hamblin.
2:41 of 2nd period - Shot Misses the Net.
2:43 of 2nd period - Slapshot by Nicholas Robertson.
2:43 of 2nd period - Shot Blocked by Kyle Burroughs.
2:45 of 2nd period - Snap shot by Nicholas Robertson.
2:45 of 2nd period - Shot Misses the Net.
2:47 of 2nd period - Slapshot by Filip Kral.
2:47 of 2nd period - Shot Blocked by Kyle Burroughs.
2:51 of 2nd period - Wrist shot by Nicholas Robertson.
2:51 of 2nd period - Stopped by Dylan Garand with a rebound.
3:07 of 2nd period - Filip Kral is hit by Kyle Burroughs.
3:18 of 2nd period - Icing by Anthony Angello.
3:19 of 2nd period - Lias Andersson wins face-off versus Vasili Ponomarev in Niagara IceDogs zone.
3:46 of 2nd period - Slapshot by Oliver Wahlstrom.
3:46 of 2nd period - Shot Blocked by Arttu Ruotsalainen.
3:48 of 2nd period - Wrist shot by Mackenzie MacEachern.
3:48 of 2nd period - Stopped by Joseph Woll without a rebound.
3:49 of 2nd period - Arttu Ruotsalainen wins face-off versus Mark Kastelic in Niagara IceDogs zone.
4:19 of 2nd period - Slapshot by Oliver Wahlstrom.
4:19 of 2nd period - Deflect By Mark Kastelic.
4:19 of 2nd period - Shot Blocked by Conor Timmins.
4:19 of 2nd period - Puck is out of play.
4:20 of 2nd period - Anthony Angello wins face-off versus Lias Andersson in Niagara IceDogs zone.
4:46 of 2nd period - Braden Schneider is hit by Joseph Duszak and loses puck.
5:34 of 2nd period - Wrist shot by Oliver Wahlstrom.
5:34 of 2nd period - Stopped by Joseph Woll with a rebound.
5:36 of 2nd period - Slapshot by Mark Kastelic.
5:36 of 2nd period - Stopped by Joseph Woll with a rebound.
6:07 of 2nd period - Off-side.
6:08 of 2nd period - Jayden Halbgewachs wins face-off versus Lukas Reichel in neutral zone.
6:40 of 2nd period - Slapshot by Joseph Duszak.
6:40 of 2nd period - Stopped by Dylan Garand with a rebound.
6:42 of 2nd period - Wrist shot by Jonatan Berggren.
6:42 of 2nd period - Stopped by Dylan Garand without a rebound.
6:43 of 2nd period - Mark Kastelic wins face-off versus Vasili Ponomarev in Laval Squanderers zone.
6:43 of 2nd period - Mark Kastelic is hit by Anthony Angello.
7:31 of 2nd period - Filip Kral is hit by Brayden Tracey and loses puck.
8:01 of 2nd period - Icing by Lukas Reichel.
8:02 of 2nd period - Arttu Ruotsalainen wins face-off versus Martin Kaut in Laval Squanderers zone.
8:10 of 2nd period - Minor Penalty to Martin Kaut for Hooking.
8:11 of 2nd period - Graeme Clarke wins face-off versus Arttu Ruotsalainen in Laval Squanderers zone.
8:14 of 2nd period - Minor Penalty to Arttu Ruotsalainen for Slashing.
8:15 of 2nd period - Oliver Wahlstrom wins face-off versus Jayden Halbgewachs in Niagara IceDogs zone.
8:59 of 2nd period - Wrist shot by James Hamblin.
8:59 of 2nd period - Shot Misses the Net.
9:37 of 2nd period - Nils Lundkvist is hit by Nicholas Robertson and loses puck.
9:52 of 2nd period - Wrist shot by Brayden Tracey.
9:52 of 2nd period - Shot Blocked by Conor Timmins.
9:54 of 2nd period - Snap shot by Lukas Reichel.
9:54 of 2nd period - Stopped by Joseph Woll with a rebound.
10:02 of 2nd period - Snap shot by Lukas Reichel.
10:02 of 2nd period - Stopped by Joseph Woll with a rebound.
10:04 of 2nd period - Snap shot by Lukas Reichel.
10:04 of 2nd period - Goal by Lukas Reichel - Niagara IceDogs : 0 - Laval Squanderers : 1.
10:05 of 2nd period - Jayden Halbgewachs wins face-off versus Oliver Wahlstrom in neutral zone.
10:10 of 2nd period - Penalty to Martin Kaut is over, Martin Kaut is back on ice.
10:14 of 2nd period - Penalty to Arttu Ruotsalainen is over, Arttu Ruotsalainen is back on ice.
11:13 of 2nd period - Wrist shot by Aliaksei Protas.
11:13 of 2nd period - Deflect By Arttu Ruotsalainen.
11:13 of 2nd period - Shot Hit the Post.
11:13 of 2nd period - Puck is out of play.
11:14 of 2nd period - Lias Andersson wins face-off versus Vasili Ponomarev in Laval Squanderers zone.
11:25 of 2nd period - Snap shot by Vasili Ponomarev.
11:25 of 2nd period - Stopped by Dylan Garand with a rebound.
11:39 of 2nd period - Ian Mitchell is hit by Mike Hardman and loses puck.
12:04 of 2nd period - Arttu Ruotsalainen is hit by Graeme Clarke and loses puck.
12:42 of 2nd period - Conor Timmins is hit by Danila Klimovich and loses puck.
13:19 of 2nd period - Snap shot by Martin Kaut.
13:19 of 2nd period - Shot Blocked by Nicholas Robertson.
13:31 of 2nd period - Joseph Duszak is hit by Justin Barron and loses puck.
13:52 of 2nd period - Joachim Blichfeld is hit by Justin Barron and loses puck.
14:03 of 2nd period - Lias Andersson is hit by Arttu Ruotsalainen and loses puck.
14:33 of 2nd period - Slapshot by Braden Schneider.
14:33 of 2nd period - Shot Blocked by Filip Kral.
15:17 of 2nd period - Chase Pearson is hit by Justin Barron and loses puck.
15:47 of 2nd period - Icing by Joseph Duszak.
15:48 of 2nd period - Simon Holmstrom wins face-off versus Jayden Halbgewachs in Niagara IceDogs zone.
15:49 of 2nd period - Wrist shot by Lias Andersson.
15:49 of 2nd period - Stopped by Joseph Woll with a rebound.
15:54 of 2nd period - Off-side.
15:55 of 2nd period - Lias Andersson wins face-off versus Arttu Ruotsalainen in neutral zone.
16:04 of 2nd period - Wrist shot by Arttu Ruotsalainen.
16:04 of 2nd period - Stopped by Dylan Garand with a rebound.
16:06 of 2nd period - Wrist shot by Arttu Ruotsalainen.
16:06 of 2nd period - Shot Misses the Net.
16:08 of 2nd period - Backhand shot by Jonatan Berggren.
16:08 of 2nd period - Stopped by Dylan Garand with a rebound.
16:10 of 2nd period - Slapshot by Conor Timmins.
16:10 of 2nd period - Shot Misses the Net.
16:20 of 2nd period - Ian Mitchell is hit by Mackenzie MacEachern and loses puck.
16:27 of 2nd period - Snap shot by Oliver Wahlstrom.
16:27 of 2nd period - Shot Misses the Net.
16:29 of 2nd period - Snap shot by Mackenzie MacEachern.
16:29 of 2nd period - Stopped by Joseph Woll with a rebound.
16:31 of 2nd period - Wrist shot by Mackenzie MacEachern.
16:31 of 2nd period - Stopped by Joseph Woll with a rebound.
16:45 of 2nd period - Ian Mitchell is hit by Danila Klimovich and loses puck.
17:06 of 2nd period - Kaedan Korczak is hit by Arttu Ruotsalainen and loses puck.
17:57 of 2nd period - Wrist shot by Oliver Wahlstrom.
17:57 of 2nd period - Shot Misses the Net.
18:18 of 2nd period - Snap shot by Tim Soderlund.
18:18 of 2nd period - Shot Misses the Net.
18:32 of 2nd period - Wrist shot by Aliaksei Protas.
18:32 of 2nd period - Shot Misses the Net.
18:34 of 2nd period - Snap shot by Aliaksei Protas.
18:34 of 2nd period - Stopped by Dylan Garand without a rebound.
18:35 of 2nd period - Mark Kastelic wins face-off versus Arttu Ruotsalainen in Laval Squanderers zone.
18:35 of 2nd period - Mark Kastelic is hit by Aliaksei Protas.
19:00 of 2nd period - Joachim Blichfeld is hit by Reese Johnson and loses puck.
Goals for this period are 0 for Niagara IceDogs vs 1 for Laval Squanderers.
Shots for this period are 9 for Niagara IceDogs vs 10 for Laval Squanderers.
3rd period
0:01 of 3rd period - Mackenzie MacEachern wins face-off versus Aliaksei Protas in neutral zone.
0:28 of 3rd period - Icing by Braden Schneider.
0:29 of 3rd period - Joachim Blichfeld wins face-off versus Lias Andersson in Laval Squanderers zone.
0:30 of 3rd period - Snap shot by Vasili Ponomarev.
0:30 of 3rd period - Goal by Vasili Ponomarev - Niagara IceDogs : 1 - Laval Squanderers : 1.
0:31 of 3rd period - Arttu Ruotsalainen wins face-off versus Mark Kastelic in neutral zone.
0:36 of 3rd period - Backhand shot by Arttu Ruotsalainen.
0:36 of 3rd period - Stopped by Dylan Garand with a rebound.
0:42 of 3rd period - Wrist shot by Jonatan Berggren.
0:42 of 3rd period - Shot Misses the Net.
1:05 of 3rd period - Wrist shot by Martin Kaut.
1:05 of 3rd period - Shot Blocked by Conor Timmins.
1:07 of 3rd period - Slapshot by Braden Schneider.
1:07 of 3rd period - Shot Blocked by Ian Mitchell.
1:11 of 3rd period - Backhand shot by Martin Kaut.
1:11 of 3rd period - Stopped by Joseph Woll with a rebound.
1:20 of 3rd period - Off-side.
1:21 of 3rd period - Danila Klimovich wins face-off versus Jayden Halbgewachs in neutral zone.
1:24 of 3rd period - Wrist shot by Mike Hardman.
1:24 of 3rd period - Deflect By Alex Whelan.
1:24 of 3rd period - Stopped by Joseph Woll without a rebound.
1:25 of 3rd period - Danila Klimovich wins face-off versus Jayden Halbgewachs in Niagara IceDogs zone.
1:36 of 3rd period - Snap shot by Danila Klimovich.
1:36 of 3rd period - Shot Misses the Net.
1:59 of 3rd period - Snap shot by Oliver Wahlstrom.
1:59 of 3rd period - Deflect By Mark Kastelic.
1:59 of 3rd period - Shot Misses the Net.
1:59 of 3rd period - Puck is out of play.
2:00 of 3rd period - Vasili Ponomarev wins face-off versus Lias Andersson in Niagara IceDogs zone.
2:05 of 3rd period - Slapshot by Ian Mitchell.
2:05 of 3rd period - Stopped by Dylan Garand with a rebound.
2:07 of 3rd period - Slapshot by Ian Mitchell.
2:07 of 3rd period - Shot Blocked by Kyle Burroughs.
2:09 of 3rd period - Wrist shot by Anthony Angello.
2:09 of 3rd period - Deflect By Lias Andersson.
2:09 of 3rd period - Shot Blocked by Kyle Burroughs.
2:09 of 3rd period - Puck is out of play.
2:10 of 3rd period - Lias Andersson wins face-off versus Vasili Ponomarev in Laval Squanderers zone.
2:10 of 3rd period - Lias Andersson is hit by Joachim Blichfeld.
2:21 of 3rd period - Minor Penalty to Anthony Angello for Holding.
2:22 of 3rd period - Mark Kastelic wins face-off versus Arttu Ruotsalainen in Niagara IceDogs zone.
2:52 of 3rd period - Wrist shot by Lias Andersson.
2:52 of 3rd period - Deflect By Reese Johnson.
2:52 of 3rd period - Stopped by Joseph Woll with a rebound.
2:54 of 3rd period - Slapshot by Simon Holmstrom.
2:54 of 3rd period - Goal by Simon Holmstrom - Niagara IceDogs : 1 - Laval Squanderers : 2.
2:55 of 3rd period - Vasili Ponomarev wins face-off versus Mark Kastelic in neutral zone.
4:42 of 3rd period - Icing by Johannes Kinnvall.
4:43 of 3rd period - Simon Holmstrom wins face-off versus Arttu Ruotsalainen in Niagara IceDogs zone.
4:52 of 3rd period - Snap shot by Reese Johnson.
4:52 of 3rd period - Shot Misses the Net.
4:54 of 3rd period - Wrist shot by Simon Holmstrom.
4:54 of 3rd period - Stopped by Joseph Woll without a rebound.
4:55 of 3rd period - Arttu Ruotsalainen wins face-off versus Mark Kastelic in Niagara IceDogs zone.
4:55 of 3rd period - Arttu Ruotsalainen is hit by Mackenzie MacEachern.
5:03 of 3rd period - Snap shot by Conor Timmins.
5:03 of 3rd period - Stopped by Dylan Garand with a rebound.
5:35 of 3rd period - Wrist shot by Simon Holmstrom.
5:35 of 3rd period - Shot Blocked by Ian Mitchell.
6:11 of 3rd period - Slapshot by Conor Timmins.
6:11 of 3rd period - Deflect By James Hamblin.
6:11 of 3rd period - Stopped by Dylan Garand with a rebound.
6:13 of 3rd period - Snap shot by James Hamblin.
6:13 of 3rd period - Shot Misses the Net.
6:15 of 3rd period - Snap shot by James Hamblin.
6:15 of 3rd period - Shot Misses the Net.
6:17 of 3rd period - Slapshot by Ian Mitchell.
6:17 of 3rd period - Stopped by Dylan Garand with a rebound.
6:27 of 3rd period - Kaedan Korczak is hit by John Ludvig and loses puck.
6:34 of 3rd period - Snap shot by Jonatan Berggren.
6:34 of 3rd period - Shot Misses the Net.
6:36 of 3rd period - Slapshot by Jonatan Berggren.
6:36 of 3rd period - Shot Blocked by Alex Green.
6:50 of 3rd period - Snap shot by Simon Holmstrom.
6:50 of 3rd period - Stopped by Joseph Woll without a rebound.
6:51 of 3rd period - Vasili Ponomarev wins face-off versus Lias Andersson in Niagara IceDogs zone.
6:51 of 3rd period - Vasili Ponomarev is hit by Kyle Burroughs.
6:57 of 3rd period - Wrist shot by Vasili Ponomarev.
6:57 of 3rd period - Stopped by Dylan Garand with a rebound.
6:59 of 3rd period - Snap shot by Vasili Ponomarev.
6:59 of 3rd period - Stopped by Dylan Garand with a rebound.
7:01 of 3rd period - Snap shot by Vasili Ponomarev.
7:01 of 3rd period - Shot Blocked by Reese Johnson.
7:03 of 3rd period - Snap shot by Vasili Ponomarev.
7:03 of 3rd period - Shot Blocked by Kyle Burroughs.
7:05 of 3rd period - Wrist shot by Joachim Blichfeld.
7:05 of 3rd period - Stopped by Dylan Garand with a rebound.
7:07 of 3rd period - Wrist shot by Joachim Blichfeld.
7:07 of 3rd period - Shot Misses the Net.
7:40 of 3rd period - Braden Schneider is hit by John Ludvig and loses puck.
8:22 of 3rd period - Snap shot by Oliver Wahlstrom.
8:22 of 3rd period - Shot Misses the Net.
8:24 of 3rd period - Backhand shot by Mark Kastelic.
8:24 of 3rd period - Goal by Mark Kastelic - Niagara IceDogs : 1 - Laval Squanderers : 3.
8:25 of 3rd period - Mark Kastelic wins face-off versus Arttu Ruotsalainen in neutral zone.
8:50 of 3rd period - Vasili Ponomarev is hit by Simon Holmstrom and loses puck.
9:32 of 3rd period - Tim Soderlund is hit by Kaedan Korczak and loses puck.
9:51 of 3rd period - Alex Green is hit by Jonatan Berggren and loses puck.
9:56 of 3rd period - Wrist shot by Jonatan Berggren.
9:56 of 3rd period - Shot Misses the Net.
9:58 of 3rd period - Slapshot by Johannes Kinnvall.
9:58 of 3rd period - Stopped by Dylan Garand without a rebound.
9:59 of 3rd period - Arttu Ruotsalainen wins face-off versus Mark Kastelic in Laval Squanderers zone.
10:16 of 3rd period - Off-side.
10:17 of 3rd period - Vasili Ponomarev wins face-off versus Lias Andersson in neutral zone.
10:42 of 3rd period - Conor Timmins is hit by Lukas Reichel and loses puck.
10:49 of 3rd period - Slapshot by Lukas Reichel.
10:49 of 3rd period - Deflect By Joachim Blichfeld.
10:49 of 3rd period - Stopped by Joseph Woll without a rebound.
10:50 of 3rd period - Mark Kastelic wins face-off versus Arttu Ruotsalainen in Niagara IceDogs zone.
11:36 of 3rd period - Snap shot by Lukas Reichel.
11:36 of 3rd period - Shot Misses the Net.
12:04 of 3rd period - Wrist shot by Anthony Angello.
12:04 of 3rd period - Shot Misses the Net.
12:06 of 3rd period - Snap shot by Vasili Ponomarev.
12:06 of 3rd period - Stopped by Dylan Garand with a rebound.
12:16 of 3rd period - Snap shot by Arttu Ruotsalainen.
12:16 of 3rd period - Stopped by Dylan Garand with a rebound.
12:18 of 3rd period - Wrist shot by Johannes Kinnvall.
12:18 of 3rd period - Stopped by Dylan Garand without a rebound.
12:19 of 3rd period - Arttu Ruotsalainen wins face-off versus Lias Andersson in Laval Squanderers zone.
12:26 of 3rd period - Slapshot by Jonatan Berggren.
12:26 of 3rd period - Stopped by Dylan Garand without a rebound.
12:27 of 3rd period - Arttu Ruotsalainen wins face-off versus Lias Andersson in Laval Squanderers zone.
12:28 of 3rd period - Snap shot by Jonatan Berggren.
12:28 of 3rd period - Shot Misses the Net.
12:43 of 3rd period - Wrist shot by Aliaksei Protas.
12:43 of 3rd period - Stopped by Dylan Garand with a rebound.
13:20 of 3rd period - Snap shot by Lias Andersson.
13:20 of 3rd period - Shot Misses the Net.
13:22 of 3rd period - Snap shot by Lias Andersson.
13:22 of 3rd period - Deflect By Tim Soderlund.
13:22 of 3rd period - Stopped by Joseph Woll with a rebound.
13:32 of 3rd period - Wrist shot by Reese Johnson.
13:32 of 3rd period - Deflect By Simon Holmstrom.
13:32 of 3rd period - Stopped by Joseph Woll without a rebound.
13:33 of 3rd period - Arttu Ruotsalainen wins face-off versus Mark Kastelic in Niagara IceDogs zone.
13:42 of 3rd period - Wrist shot by Kyle Burroughs.
13:42 of 3rd period - Shot Blocked by Johannes Kinnvall.
13:44 of 3rd period - Wrist shot by Mackenzie MacEachern.
13:44 of 3rd period - Shot Misses the Net.
13:49 of 3rd period - Minor Penalty to Arttu Ruotsalainen for Holding Stick.
13:50 of 3rd period - James Hamblin wins face-off versus Mark Kastelic in Niagara IceDogs zone.
13:58 of 3rd period - Snap shot by Mark Kastelic.
13:58 of 3rd period - Stopped by Joseph Woll with a rebound.
14:08 of 3rd period - Oliver Wahlstrom is hit by Conor Timmins and loses puck.
15:33 of 3rd period - Off-side.
15:34 of 3rd period - Brayden Tracey wins face-off versus Chase Pearson in neutral zone.
15:37 of 3rd period - Slapshot by Nils Lundkvist.
15:37 of 3rd period - Shot Blocked by Conor Timmins.
15:49 of 3rd period - Penalty to Arttu Ruotsalainen is over, Arttu Ruotsalainen is back on ice.
15:59 of 3rd period - Snap shot by Vasili Ponomarev.
15:59 of 3rd period - Shot Hit the Post.
16:01 of 3rd period - Slapshot by Conor Timmins.
16:01 of 3rd period - Stopped by Dylan Garand with a rebound.
16:25 of 3rd period - Snap shot by Oliver Wahlstrom.
16:25 of 3rd period - Stopped by Joseph Woll with a rebound.
17:17 of 3rd period - Jayden Halbgewachs is hit by Alex Green and loses puck.
17:41 of 3rd period - Kyle Burroughs is hit by Vasili Ponomarev and loses puck.
18:28 of 3rd period - Minor Penalty to Kyle Burroughs for Tripping.
18:29 of 3rd period - Arttu Ruotsalainen wins face-off versus Graeme Clarke in Laval Squanderers zone.
18:32 of 3rd period - Wrist shot by Arttu Ruotsalainen.
18:32 of 3rd period - Stopped by Dylan Garand with a rebound.
18:34 of 3rd period - Slapshot by Ian Mitchell.
18:34 of 3rd period - Deflect By Arttu Ruotsalainen.
18:34 of 3rd period - Stopped by Dylan Garand with a rebound.
18:36 of 3rd period - Slapshot by Jonatan Berggren.
18:36 of 3rd period - Shot Hit the Post.
18:38 of 3rd period - Snap shot by Aliaksei Protas.
18:38 of 3rd period - Goal by Aliaksei Protas - Niagara IceDogs : 2 - Laval Squanderers : 3.
18:39 of 3rd period - Jayden Halbgewachs wins face-off versus Mark Kastelic in neutral zone.
18:42 of 3rd period - Niagara IceDogs, Joseph Woll is pulled from the net.
18:42 of 3rd period - Snap shot by Chase Pearson.
18:42 of 3rd period - Stopped by Dylan Garand without a rebound.
18:43 of 3rd period - Jayden Halbgewachs wins face-off versus Mark Kastelic in Laval Squanderers zone.
18:46 of 3rd period - Snap shot by Chase Pearson.
18:46 of 3rd period - Shot Misses the Net.
19:10 of 3rd period - Snap shot by Arttu Ruotsalainen.
19:10 of 3rd period - Goal by Arttu Ruotsalainen - Niagara IceDogs : 3 - Laval Squanderers : 3.
19:10 of 3rd period - Joseph Woll from Niagara IceDogs was sent back in the game.
19:11 of 3rd period - Joachim Blichfeld wins face-off versus Graeme Clarke in neutral zone.
19:11 of 3rd period - Vasili Ponomarev is hit by Braden Schneider and loses puck.
19:25 of 3rd period - Slapshot by Joachim Blichfeld.
19:25 of 3rd period - Stopped by Dylan Garand without a rebound.
19:26 of 3rd period - Vasili Ponomarev wins face-off versus Lias Andersson in Laval Squanderers zone.
19:29 of 3rd period - Snap shot by Anthony Angello.
19:29 of 3rd period - Stopped by Dylan Garand with a rebound.
19:31 of 3rd period - Snap shot by Joachim Blichfeld.
19:31 of 3rd period - Deflect By Vasili Ponomarev.
19:31 of 3rd period - Stopped by Dylan Garand with a rebound.
19:33 of 3rd period - Snap shot by Anthony Angello.
19:33 of 3rd period - Shot Misses the Net.
19:35 of 3rd period - Slapshot by Ian Mitchell.
19:35 of 3rd period - Shot Misses the Net.
19:37 of 3rd period - Slapshot by Conor Timmins.
19:37 of 3rd period - Stopped by Dylan Garand with a rebound.
19:42 of 3rd period - Minor Penalty to Kyle Burroughs for Cross-checking.
19:43 of 3rd period - Aliaksei Protas wins face-off versus Graeme Clarke in Laval Squanderers zone.
19:57 of 3rd period - Wrist shot by Arttu Ruotsalainen.
19:57 of 3rd period - Shot Misses the Net.
19:59 of 3rd period - Snap shot by Aliaksei Protas.
19:59 of 3rd period - Niagara IceDogs goal is going for a video replay.
19:59 of 3rd period - The goal is refused. The puck has been directed, batted or thrown into the net by an attacking player other than with a stick..
Goals for this period are 3 for Niagara IceDogs vs 2 for Laval Squanderers.
Shots for this period are 26 for Niagara IceDogs vs 12 for Laval Squanderers.
Overtime #1
0:01 of 1st overtime period - Arttu Ruotsalainen wins face-off versus Mike Hardman in neutral zone.
0:08 of 1st overtime period - Snap shot by Arttu Ruotsalainen.
0:08 of 1st overtime period - Goal by Arttu Ruotsalainen - Niagara IceDogs : 4 - Laval Squanderers : 3.
Goals for this period are 1 for Niagara IceDogs vs 0 for Laval Squanderers.
Shots for this period are 1 for Niagara IceDogs vs 0 for Laval Squanderers.
Back to the Top